 Dungeon Crawl Stone Soup version 0.25-a0-248-g18654cfe15 (webtiles) character file.

Game seed: 15365420729483417227, levelgen mode: classic

530202 EnegeticOcto the Slayer (level 24, -2/215 HPs)
             Began as a Deep Elf Venom Mage on Dec 4, 2019.
             Was the Champion of Ashenzari.
             Killed from afar by an ice dragon (4 damage)
             ... with a blast of cold
             ... summoned by Ythriang
             ... on level 10 of a ziggurat.
             The game lasted 03:17:42 (74824 turns).

EnegeticOcto the Slayer (Deep Elf Venom Mage)      Turns: 74824, Time: 03:17:43

Health: -2/215     AC: 36    Str:  8    XL:     24   Next: 93%
Magic:  29/58      EV: 29    Int: 39    God:    Ashenzari [******]
Gold:   4592       SH: 13    Dex: 18    Spells: 7/63 levels left

rFire    + . .     SeeInvis +   T - +9 scimitar (flame) (curse)
rCold    + + +     Gourm    .   b - +0 shield (curse)
rNeg     + . .     Faith    .   (armour currently unavailable)
rPois    ∞         Spirit   .   J - +2 helmet {Int+3}
rElec    +         Reflect  .   S - +0 cloak "Cosukat" {*Drain rC+++ MR+ Int+2 Stlth+} (curse)
rCorr    .         Harm     .   (gloves currently unavailable)
MR       +++..     Clarity  +   (boots currently unavailable)
Stlth    ++++++....             l - amulet of the acrobat (curse)
HPRegen  1.45/turn              B - ring of protection from fire (curse)
MPRegen  0.36/turn              y - ring "Hyivido" {+Inv MP+9 Str+3 Int+4} (curse)

@: statue-form, weakened, very slightly contaminated, regenerating, deflect
missiles, very slow
A: [deterioration 2]
}: 2/15 runes: barnacled, gossamer
a: End Transformation, Curse Item, Scrying, Transfer Knowledge, Renounce
Religion, Evoke Invisibility


You were on level 10 of a ziggurat.
You worshipped Ashenzari.
Ashenzari was exalted by your worship.
You were not hungry.
You were a stone statue.
You visited 8 branches of the dungeon, and saw 44 of its levels.
You visited 1 bazaar.
You visited 1 ziggurat, and saw 10 of its levels.
You also visited: Gauntlet and Desolation.

You collected 6774 gold pieces.
You spent 2182 gold pieces at shops.

Inventory:

Hand Weapons
 T - a cursed +9 scimitar of flaming (weapon)
Missiles
 A - 10 throwing nets (quivered) {!f}
Armour
 b - a cursed +0 shield (worn)
 F - the cursed +2 leather armour of the Special Queens (melded) {Int+5}
   (You bought it in a shop on level 6 of the Dungeon)

   It affects your intelligence (+5).
   It has a curse placed upon it.
 J - a +2 helmet of intelligence (worn)
 O - the cursed +0 pair of boots of Snakes and Ladders (melded) {rF+}
   (You found it in a Gauntlet)

   It protects you from fire.
   It has a curse placed upon it.
 S - the cursed +0 cloak "Cosukat" (worn) {*Drain rC+++ MR+ Int+2 Stlth+}
   (You bought it in a shop in a bazaar)

   It affects your intelligence (+2).
   It renders you almost immune to cold.
   It affects your resistance to hostile enchantments.
   It causes draining when unequipped.
   It makes you more stealthy.
   It has a curse placed upon it.
 Y - a cursed +0 pair of gloves (melded)
Jewellery
 c - the amulet "Seroufao" {Harm *Drain rElec rPois Slay+5}
   (You found it on level 9 of a ziggurat)

   [amulet of harm]

   It increases damage dealt and taken.
   It affects your accuracy and damage with ranged weapons and melee attacks
   (+5).
   It insulates you from electricity.
   It protects you from poison.
   It causes draining when unequipped.
 l - a cursed amulet of the acrobat (around neck)
 y - the cursed ring "Hyivido" (right hand) {+Inv MP+9 Str+3 Int+4}
   (You found it on level 2 of the Shoals)

   [ring of magical power]

   It affects your strength (+3).
   It affects your intelligence (+4).
   It affects your magic capacity (+9).
   It lets you turn invisible.
   It has a curse placed upon it.
 B - a cursed ring of protection from fire (left hand)
 G - the ring "Opall" {rF+ rC+ AC+4 Dex+4 Stlth+}
   (You found it on level 4 of the Depths)

   [ring of protection]

   It affects your AC (+4).
   It affects your dexterity (+4).
   It protects you from fire.
   It protects you from cold.
   It makes you more stealthy.
Wands
 h - a wand of scattershot (6)
 j - a wand of paralysis (26)
 k - a wand of polymorph (35)
 m - a wand of disintegration (24)
 o - a wand of acid (8)
 s - a wand of enslavement (13)
 t - a wand of iceblast (43)
Scrolls
 i - 16 scrolls of teleportation {@r3 !r}
 p - 6 scrolls of magic mapping {@r5 !r}
 q - 2 scrolls of fear {!r}
 r - 16 scrolls of fog {!r}
 w - 9 scrolls of remove curse {@r2}
 x - 10 scrolls of enchant armour
 z - 4 scrolls of blinking {@r4}
 C - 2 scrolls of holy word
 I - 2 scrolls of enchant weapon
 L - 9 scrolls of vulnerability
 N - a scroll of summoning
 X - 7 scrolls of identify {@r1}
Potions
 a - 3 potions of brilliance
 d - 8 potions of lignification {@q6}
 f - 19 potions of curing {@q1 !q}
 g - 5 potions of resistance
 n - 19 potions of heal wounds {@q2 !q}
 u - 2 potions of magic
 v - 14 potions of mutation
 D - 4 potions of flight
 E - a potion of invisibility
 H - 4 potions of might {@q3 !q}
 K - 5 potions of agility {@q5 !q}
 M - 7 potions of ambrosia
 V - a potion of cancellation
 W - 5 potions of haste {@q4 !q}
Miscellaneous
 P - a lamp of fire
 Q - a phial of floods
 R - a crystal ball of energy
 U - 4 phantom mirrors
 Z - 2 boxes of beasts
Comestibles
 e - 54 rations


   Skills:
 + Level 21.0 Fighting
 - Level 9.7(14.0) Long Blades
 - Level 17.6(20.0) Dodging
 - Level 8.0(11.0) Stealth
 - Level 12.3(15.0) Shields
 * Level 20.1 Spellcasting
 - Level 4.9(9.3) Conjurations
 - Level 5.5(10.0) Charms
 - Level 8.6(13.0) Summonings
 - Level 5.5(10.0) Translocations
 - Level 7.6(12.1) Transmutations
 - Level 16.1(20.0) Fire Magic
 + Level 15.9(19.8) Air Magic
 - Level 7.5(12.0) Earth Magic
 - Level 6.9(11.4) Poison Magic
 - Level 5.5(10.0) Evocations


You had 7 spell levels left.
You knew the following spells:

 Your Spells              Type           Power        Failure   Level  Hunger
a - Apportation           Tloc           ######       0%          1    None
b - Summon Lightning Spi  Summ/Air       ########     0%          4    None
c - Mephitic Cloud        Conj/Pois/Air  #######.     0%          3    None
d - Malign Gateway        Summ/Tloc      #######...   4%          7    None
e - Olgreb's Toxic Radia  Pois           #######.     1%          4    None
f - Irradiate             Conj/Tmut      #######...   1%          5    None
g - Lee's Rapid Deconstr  Erth           #######...   1%          5    None
h - Ignition              Fire           ########..   1%          8    ###....
i - Statue Form           Tmut/Erth      #######..    1%          6    None
j - Deflect Missiles      Chrm/Air       ########..   1%          6    None
p - Passwall              Tmut/Erth      #######.     0%          2    None
T - Regeneration          Chrm/Necr      ######....   1%          3    None
Y - Blink                 Tloc           N/A          0%          2    None

Your spell library contained the following spells:

 Spells                   Type           Power        Failure   Level  Hunger
 Beastly Appendage        Tmut           ######       0%          1    None
 Foxfire                  Conj/Fire      ####         0%          1    None
 Infusion                 Chrm           ####         0%          1    None
 Magic Dart               Conj           ####         0%          1    None
 Sandblast                Erth           ######       0%          1    None
 Sting                    Tmut/Pois      ####         0%          1    None
 Summon Butterflies       Summ           #######.     0%          1    None
 Summon Small Mammal      Summ           ####         0%          1    None
 Call Imp                 Summ           #######.     0%          2    None
 Corpse Rot               Necr/Air       N/A          0%          2    None
 Poisonous Vapours        Pois/Air       ######       0%          2    None
 Shroud of Golubria       Chrm/Tloc      ######       0%          2    None
 Song of Slaying          Chrm           #######.     0%          2    None
 Sticks to Snakes         Tmut           #######.     0%          2    None
 Call Canine Familiar     Summ           #######.     0%          3    None
 Conjure Flame            Conj/Fire      ########     0%          3    None
 Ignite Poison            Fire/Tmut/Pois ########     0%          3    None
 Spider Form              Tmut/Pois      #######...   0%          3    None
 Static Discharge         Conj/Air       ########     0%          3    None
 Sticky Flame             Conj/Fire      ########     0%          4    None
 Animate Skeleton         Necr           N/A          1%          1    None
 Confusing Touch          Hex            #####.       1%          1    None
 Corona                   Hex            #####..      1%          1    None
 Freeze                   Ice            ####         1%          1    None
 Pain                     Necr           ####         1%          1    None
 Ensorcelled Hibernation  Hex/Ice        #####.       1%          2    None
 Searing Ray              Conj           ######       1%          2    None
 Slow                     Hex            #####...     1%          2    None
 Confuse                  Hex            #####...     1%          3    None
 Dazzling Flash           Conj/Hex       ######       1%          3    None
 Gell's Gravitas          Tloc           #######...   1%          3    None
 Inner Flame              Hex/Fire       #######.     1%          3    None
 Lesser Beckoning         Tloc           #######...   1%          3    None
 Ozocubu's Armour         Chrm/Ice       ######..     1%          3    None
 Portal Projectile        Hex/Tloc       ######       1%          3    None
 Spectral Weapon          Hex/Chrm       ######..     1%          3    None
 Stone Arrow              Conj/Erth      ######       1%          3    None
 Summon Guardian Golem    Hex/Summ       #######.     1%          3    None
 Tukima's Dance           Hex            #####...     1%          3    None
 Vampiric Draining        Necr           #####.....   1%          3    None
 Fulminant Prism          Conj/Hex       ######....   1%          4    None
 Hailstorm                Conj/Ice       ######..     1%          4    None
 Ice Form                 Ice/Tmut       ######..     1%          4    None
 Leda's Liquefaction      Hex/Erth       ######....   1%          4    None
 Petrify                  Tmut/Erth      #######.     1%          4    None
 Summon Ice Beast         Ice/Summ       #######.     1%          4    None
 Alistair's Intoxication  Tmut/Pois      #######.     1%          5    None
 Aura of Abjuration       Summ           #######...   1%          5    None
 Blade Hands              Tmut           #######...   1%          5    None
 Bolt of Magma            Conj/Fire/Erth #######...   1%          5    None
 Borgnjor's Vile Clutch   Necr/Erth      ######....   1%          5    None
 Fireball                 Conj/Fire      ########..   1%          5    None
 Lightning Bolt           Conj/Air       ########..   1%          5    None
 Silence                  Hex/Air        #######...   1%          5    None
 Summon Forest            Summ/Tloc      #######...   1%          5    None
 Yara's Violent Unravell  Hex/Tmut       ######....   1%          5    None
 Conjure Ball Lightning   Conj/Air       ########..   1%          6    None
 Dispersal                Tloc           #######...   1%          6    None
 Eringya's Noxious Bog    Tmut/Pois      #######...   1%          6    None
 Hydra Form               Tmut           #######...   1%          6    None
 Iron Shot                Conj/Erth      #######...   1%          6    None
 Shadow Creatures         Summ           N/A          1%          6    None
 Monstrous Menagerie      Summ           #######...   2%          7    None
 Summon Greater Demon     Summ           #######...   2%          7    None
 Summon Hydra             Summ           #######...   2%          7    None
 Animate Dead             Necr           N/A          4%          4    None
 Cause Fear               Hex            #####.....   4%          4    None
 Dragon Form              Tmut           #######...   4%          7    None
 Metabolic Englaciation   Hex/Ice        #####.....   14%         5    None
 Darkness                 Hex            #####.....   61%         6    None
 Invisibility             Hex            #####...     61%         6    None
 Ozocubu's Refrigeration  Ice            #####.....   61%         6    None
 Simulacrum               Ice/Necr       #####.....   61%         6    None
 Tornado                  Air            ########..   21%         9    #####..
 Summon Horrible Things   Summ           #######...   22%         8    ###....
 Dragon's Call            Summ           #######...   97%         9    #####..
 Shatter                  Erth           #######...   99%         9    #####..
 Discord                  Hex            #####.....   100%        8    ###....


Dungeon Overview and Level Annotations

Branches:
Dungeon (15/15)            Temple (0/1) D:5            Lair (6/6) D:10
 Shoals (4/4) Lair:4       Spider (4/4) Lair:4        Slime (0/5) Lair:5
    Orc (2/2) D:9             Elf (3/3) Orc:2        Vaults (5/5) D:13
  Crypt (0/3) Vaults:2     Depths (5/5) D:15            Zot (0/5) Depths:5
Desolation (visited)      Gauntlet (visited)

Altars:
Ashenzari
Cheibriados
Dithmenos
Fedhas
Gozag
Kikubaaqudgha
Makhleb
Nemelex Xobeh
Okawaru
Ru
Trog
Xom
Yredelemnul
Zin
The Shining One
Jiyva

Shops:
D:4 **   D:6 [   D:10 =   Orc:1 ![[!   Orc:2 !?(}   Elf:2 !   Elf:3 =!*
Shoals:2 =   Vaults:1 (   Depths:4 :   Depths:5 ((

Portals:
Hell: Depths:1 Depths:2 Depths:3 Depths:4 Depths:5
Abyss: Depths:4
Pandemonium: Depths:3

Annotations:
D:11 3 runed translucent doors, Kagalorn's ghost, journeyman MiHu
D:12 2 runed translucent doors, ch1llma's ghost, journeyman HuFi
Lair:5 3 runed translucent doors, Docy's ghost, journeyman MiBe
Lair:6 2 transporters, Geomchi's ghost, journeyman DEFE
Spider:3 1 runed translucent door, astraldaughter's ghost, adept DsWn
Orc:2 3 runed translucent doors, MirrMurr's ghost, journeyman DsBe
Elf:2 3 runed translucent doors
Depths:1 2 transporters, D1HalberdGnoll's ghost, adept DrEE


Innate Abilities, Weirdness & Mutations

[Your body often deteriorates upon taking damage.]


Message History

The ice dragon is moderately wounded.
The fireball engulfs the balrug.
The balrug completely resists.
The fireball engulfs the infernal corrupter.
The infernal corrupter completely resists.
The fireball engulfs the balrug.
The balrug completely resists.
The fireball engulfs the balrug.
The balrug completely resists.
The fireball engulfs the infernal corrupter.
The infernal corrupter completely resists.
The fireball engulfs the ice dragon!!!
The ice dragon is burned terribly!
The ice dragon is severely wounded.
The fireball engulfs the ice dragon!!!
The ice dragon is burned terribly!
The ice dragon is severely wounded.
The fireball engulfs the balrug.
The balrug completely resists.
The fireball engulfs the balrug.
The balrug completely resists.
The fireball engulfs the balrug.
The balrug completely resists.
The fireball engulfs Ythriang.
Ythriang resists.
Ythriang is heavily wounded.
The fireball engulfs the infernal corrupter.
The infernal corrupter completely resists.
The fireball engulfs the infernal corrupter.
The infernal corrupter completely resists.
The fireball engulfs Ythriang but does no damage.
Ythriang is heavily wounded.
The fireball engulfs the iron dragon.
The iron dragon resists.
The iron dragon is lightly wounded.
The fireball engulfs the balrug.
The balrug completely resists.
The fireball engulfs the balrug.
The balrug completely resists.
The fireball engulfs Ythriang!
Ythriang resists.
Ythriang is severely wounded.
The fireball engulfs the ice dragon!
The ice dragon is burned terribly!
The ice dragon is severely wounded.
The fireball engulfs the balrug.
The balrug completely resists.
The fireball engulfs the balrug.
The balrug completely resists.
The fireball engulfs the balrug.
The balrug completely resists.
The balrug hits you but does no damage.
The infernal corrupter prays to Lugonu.
You feel yourself wasting away.
You feel your body start to fall apart. The balrug gestures at you.
The bolt of fire misses you. The balrug gestures at you.
The fireball explodes!
The fireball engulfs you. You resist.
The fireball engulfs the balrug.
The balrug completely resists.
The fireball engulfs the balrug.
The balrug completely resists.
The fireball engulfs the balrug.
The balrug completely resists.
Really quaff
n - 21 potions of heal wounds {@q2 !q}?
You feel much better. The balrug gestures at you. Something smites you!
The balrug hits you with a +0 demon whip of flaming!
You are engulfed in flames!
You resist. The balrug burns you.
You feel your attacks grow feeble. The balrug barely misses you.
The balrug hits you with a +4 demon whip of freezing!!
* * * LOW HITPOINT WARNING * * *
You are engulfed in flames!
You resist.
* * * LOW HITPOINT WARNING * * *
The balrug freezes you.
* * * LOW HITPOINT WARNING * * *
You feel as though you will be weak longer.
The balrug gestures at you. Something smites you!
* * * LOW HITPOINT WARNING * * *
The balrug hits you with a +0 demon whip of flaming.
* * * LOW HITPOINT WARNING * * *
You are engulfed in flames!
You resist.
* * * LOW HITPOINT WARNING * * *
You feel your power leaking away.
Blink to where?
Press: ? - help, Dir - move target cursor You are very lightly contaminated with residual magic.
As you read the scroll of blinking {@r4}, it crumbles to dust.
Ythriang sneers, "Beg for mercy, thou tasty breakfast!"
The balrug gestures at you. Something smites you!
* * * LOW HITPOINT WARNING * * *
The infernal corrupter calls forth creatures from the Spider Nest!
Really quaff
n - 20 potions of heal wounds {@q2 !q}?
You feel much better. The balrug gestures at you. Something smites you!
* * * LOW HITPOINT WARNING * * *
The balrug gestures at you. Something smites you!
* * * LOW HITPOINT WARNING * * *
Being near the torpor snail leaves you feeling lethargic.
Press: ? - help, v - describe, . - travel
Here: an infernal corrupter, wielding a +3 demon trident and wearing a +0 ring mail (absorbing vital energies)
The floor.
Blink to where?
Press: ? - help, Dir - move target cursor
As you read the scroll of blinking {@r4}, it crumbles to dust.
You feel yourself speed up. Ythriang gestures at you. You block the iron shot.
The balrug gestures at you. Something smites you!
* * * LOW HITPOINT WARNING * * *
The ice dragon breathes frost at you. The blast of cold hits you. You resist.
You die...

▓▓▓▓▓▓▓▓▓
▓........§▓
▓.........▓ *
▓▓▓.........▓▓▓▓▓▓ ,
........s........▓
,,.....w.D.D.&.....▓
,..[..D.D.2.......▓
∩,=.D..6D...2......▓
,))...w2...2...8.∩▓
∩,..D..2...........▓
, .................▓
, .................▓
, .................▓
**▓▓▓.........▓▓▓▓▓▓
▓.........▓
▓.........▓ * *


You could see Ythriang, an emperor scorpion, a storm dragon, 2 ice dragons and 3
balrugs.

Vanquished Creatures
  A pandemonium lord (Zig:4)
  A juggernaut (Depths:4)
  Frederick (Vaults:2)
  4 caustic shrikes (Depths:5)
  Bai Suzhen (Spider:3)
  3 Killer Klowns (Zig:8)
  2 golden dragons (Depths:3)
  Arachne (Spider:4)
  Jorgrun (D:13)
  A tentacled monstrosity (Depths:5)
  A Brimstone Fiend (Zig:4)
  4 deep elf blademasters
  2 deep elf master archers
  An Executioner (Zig:4)
  6 sphinxes
  Polyphemus (Shoals:3)
  2 shadow dragons
  Kirke (Shoals:3)
  Ilsuiw (Shoals:2)
  3 storm dragons
  5 tengu reavers
  11 fire giants
  A draconian monk (Zig:7)
  8 frost giants
  10 vault wardens
  A caustic shrike zombie (Depths:1)
  4 draconian scorchers
  3 draconian knights
  A frost giant (shapeshifter) (Zig:8)
  5 ghost moths
  4 emperor scorpions
  A draconian shifter (Zig:6)
  Louise (Shoals:4)
  2 draconian stormcallers
  5 deep elf sorcerers
  A black sun (Zig:10)
  4 deep elf elementalists
  A draconian annihilator (Zig:7)
  9 ironheart preservers
  18 stone giants
  5 entropy weavers
  27 very ugly things
  A spriggan defender (Depths:2)
  A blood saint (Zig:10)
  3 vampire knights
  A corrupter (Zig:10)
  8 deep elf demonologists
  2 green draconians (Zig:7)
  7 deep elf annihilators
  A red draconian (Depths:5)
  2 yellow draconians (Depths:5)
  A black draconian (Depths:5)
  A minotaur (Gauntlet)
  A red draconian (shapeshifter) (Zig:8)
  3 halazid warlocks (Desolation)
  2 purple draconians
  4 spark wasps
  Snorg (D:11)
  3 merfolk javelineers
  3 crystal guardians (Depths:4)
  2 deep elf death magi (Elf:3)
  10 ettins
  8 yaktaur captains
  5 deep elf high priests
  10 fire dragons
  4 great orbs of eyes
  3 merfolk impalers
  3 jiangshi (Depths:2)
  A naga warrior (Zig:5)
  4 ragged hierophants (Desolation)
  7 servants of whispers (Desolation)
  A hell beast (Zig:10)
  4 peacekeepers (Desolation)
  7 rakshasas
  9 ice dragons
  Harold (D:8)
  36 vault guards
  6 spriggan air magi
  2 death knights
  8 hydras
  4 catoblepae
  4 merfolk avatars
  10 dancing weapons
  5 satyrs
  An anaconda (Zig:5)
  13 centaur warriors
  2 merfolk aquamancers (Shoals:4)
  10 ogre magi
  3 tengu warriors
  43 two-headed ogres
  2 orc high priests
  14 deep troll shamans
  3 spriggan berserkers
  3 vampire magi
  10 death yaks
  A shock serpent (shapeshifter) (Vaults:2)
  12 deep troll earth magi
  Urug (D:13)
  19 deep elf knights
  Sonja (D:10)
  A shadow wraith (Vaults:3)
  A skeletal warrior (Vaults:2)
  5 hell knights
  13 sea snakes
  3 iron trolls
  31 deep trolls
  A tengu zombie (Vaults:1)
  8 glowing orange brains
  5 wizards
  25 deep elf archers
  6 unseen horrors
  5 flayed ghosts
  A lindwurm (Lair:6)
  11 ironbrand convokers
  8 orc knights
  6 phantasmal warriors
  2 harpies (shapeshifter)
  11 harpies
  8 necromancers
  An orb spider (shapeshifter) (Depths:2)
  39 ugly things
  40 wolf spiders
  A mana viper (Zig:5)
  4 orc sorcerers
  2 oklob plants
  A fire giant zombie (Depths:1)
  14 manticores
  12 cyclopes
  A frost giant zombie (Vaults:1)
  19 fauns
  A stone giant zombie (Vaults:1)
  73 deep elf magi
  16 orb spiders
  A salamander (shapeshifter) (Vaults:2)
  3 moths of wrath (Spider:3)
  11 merfolk sirens
  5 black mambas
  15 elephants
  A frost giant skeleton (Depths:1)
  4 water nymphs
  A fire giant skeleton (Vaults:2)
  3 gargoyles
  15 vault sentinels
  Maurice (D:8)
  7 spiny frogs
  A naga mage (Zig:5)
  An apocalypse crab (Zig:8)
  A molten gargoyle (Desolation)
  2 centaur skeletons
  5 guardian serpents
  3 torpor snails
  A yaktaur zombie (Depths:1)
  2 hellions (Zig:10)
  A rime drake (Lair:5)
  A minotaur zombie (Gauntlet)
  4 kobold demonologists
  An orange demon (Zig:10)
  2 tormentors (Zig:10)
  An entropy weaver simulacrum (Vaults:1)
  12 demonic crawlers
  5 komodo dragons
  51 yaktaurs
  5 freezing wraiths
  A hellwing (Zig:10)
  An ice devil (Depths:2)
  4 tengu conjurers
  A spriggan skeleton (Depths:1)
  2 meliai (shapeshifter)
  30 merfolk
  9 trolls
  3 polar bears
  32 jumping spiders
  4 meliai
  9 large abominations
  4 wind drakes
  A hornet (shapeshifter) (Depths:2)
  6 hornets
  2 queen bees (shapeshifter) (Vaults:2)
  A merfolk (shapeshifter) (Depths:2)
  15 slime creatures
  37 saltlings
  5 small abominations
  22 blink frogs
  10 snapping turtles
  2 human simulacra (Vaults:1)
  A dream sheep (shapeshifter) (Depths:3)
  15 dream sheep
  A deep troll zombie (Depths:1)
  13 hippogriffs
  A meliai zombie (D:14)
  92 redbacks
  2 wyverns
  38 tarantellas
  24 water elementals
  5 air elementals
  A redback (shapeshifter) (Depths:5)
  A vampire (D:15)
  5 hogs (Shoals:3)
  39 yaks
  3 fire elementals
  4 wraiths
  4 basilisks
  4 steam dragons
  A golden eye (shapeshifter) (Vaults:3)
  A hog (shapeshifter) (Depths:2)
  4 chaos spawn
  3 wargs
  An acid dragon (D:14)
  20 water moccasins
  A soldier ant (shapeshifter) (Vaults:1)
  Duvessa (D:7)
  3 floating eyes
  7 porcupines
  2 sky beasts
  A black bear (shapeshifter) (Depths:2)
  An ogre skeleton (Vaults:1)
  An ettin simulacrum (Vaults:2)
  27 orc warriors
  5 black bears
  A human zombie (Vaults:2)
  12 ice beasts
  10 boggarts
  18 centaurs
  An eye of draining (Lair:1)
  50 ogres
  13 wolves
  2 phantoms (D:11)
  21 crocodiles
  3 big kobolds
  14 bullfrogs
  A wyvern zombie (D:14)
  2 human skeletons (Vaults:2)
  2 earth elementals
  4 scorpions
  A water moccasin skeleton (D:6)
  4 wyvern skeletons
  Dowan (D:7)
  8 wights
  6 howler monkeys
  4 electric eels
  8 crimson imps
  5 centaur zombies
  A quasit (D:11)
  4 bullfrog zombies
  26 orc wizards
  5 hounds
  5 jellies
  2 gnoll shamans (D:5)
  10 orc priests
  3 bullfrog skeletons
  4 iguanas
  5 hell rats
  9 worker ants
  A hound skeleton (D:10)
  A worker ant zombie (D:8)
  49 gnolls
  10 adders
  2 shadow imps
  An ooze (D:6)
  3 adder skeletons
  2 worms
  2 dart slugs (D:1)
  4 leopard geckos
  107 orcs
  8 giant cockroaches
  7 hobgoblins
  20 jackals
  4 quokkas
  10 bats
  8 frilled lizards
  6 goblins
  23 kobolds
  A leopard gecko skeleton (D:8)
  10 rats
  7 crawling corpses
  A fire vortex (Depths:3)
  A fungus (Lair:6)
  3 plants
2132 creatures vanquished.

Vanquished Creatures (collateral kills)
  A golden dragon (Depths:5)
  A tentacled monstrosity (Depths:3)
  A deep elf master archer (Elf:3)
  A quicksilver dragon (Depths:3)
  Frances (D:14)
  A deep elf sorcerer (Elf:3)
  2 imperial myrmidons (Desolation)
  An emperor scorpion (Spider:4)
  3 deep elf elementalists (Elf:3)
  An ironheart preserver (Vaults:1)
  A vampire knight (D:14)
  A deep elf death mage (Elf:3)
  A merfolk impaler (Shoals:4)
  A merfolk javelineer (Shoals:4)
  4 ragged hierophants (Desolation)
  A servant of whispers (Desolation)
  A storm dragon zombie (Vaults:1)
  An iron troll (Depths:5)
  A necromancer (Vaults:1)
  A wolf spider (Spider:2)
  A deep elf mage (Depths:5)
  2 guardian serpents (Desolation)
  6 saltlings (Desolation)
  3 slime creatures (Vaults:1)
  2 crawling corpses (Elf:3)
40 creatures vanquished.

Vanquished Creatures (others)
  A fire giant (Depths:3)
  An ironheart preserver (Vaults:3)
  A merfolk impaler (Shoals:2)
  A great orb of eyes (Vaults:5)
  An ogre mage (Vaults:3)
  3 two-headed ogres (Vaults:3)
  A deep elf mage (Elf:1)
  A saltling (Desolation)
  4 ogres (Vaults:3)
  An orc wizard (D:12)
  A bush (Lair:6)
  22 demonic plants (Gauntlet)
  8 fungi
  69 plants
  4 tentacles (Shoals:4)
119 creatures vanquished.

Grand Total: 2291 creatures vanquished

Notes
Turn   | Place    | Note
-------+----------+-------------------------------------------
     0 | D:1      | EnegeticOcto the Deep Elf Venom Mage began the quest for
                  | the Orb.
     0 | D:1      | Reached XP level 1. HP: 10/10 MP: 6/6
   283 | D:1      | Reached XP level 2. HP: 15/15 MP: 6/8
   600 | D:1      | Learned a level 2 spell: Poisonous Vapours
   772 | D:1      | Reached XP level 3. HP: 19/19 MP: 3/10
  1284 | D:1      | Learned a level 3 spell: Mephitic Cloud
  1288 | D:1      | Learned a level 3 spell: Ignite Poison
  1467 | D:2      | Found a faded altar of an unknown god.
  1467 | D:2      | Found a faded altar of an unknown god.
  1472 | D:2      | Found a shattered altar of Ashenzari.
  1485 | D:2      | Reached skill level 1 in Air Magic
  1525 | D:2      | Found a snail-covered altar of Cheibriados.
  1526 | D:2      | Found a shadowy altar of Dithmenos.
  1535 | D:2      | Became a worshipper of Ashenzari the Shackled
  1564 | D:2      | Found an iron altar of Okawaru.
  1712 | D:2      | Found a burning altar of Makhleb.
  1807 | D:2      | Reached XP level 4. HP: 24/24 MP: 1/12
  2832 | D:3      | Reached skill level 5 in Spellcasting
  3563 | D:3      | Reached skill level 1 in Fire Magic
  3563 | D:3      | Reached XP level 5. HP: 28/28 MP: 6/14
  3658 | D:3      | Reached skill level 1 in Conjurations
  3907 | D:3      | Learned a level 4 spell: Olgreb's Toxic Radiance
  3949 | D:4      | Found Zin's Purification Station.
  4021 | D:4      | Found a glowing silver altar of Zin.
  4050 | D:4      | Reached skill level 1 in Fighting
  4150 | D:4      | Found Zozxadd's Mayhem Merchandise.
  4190 | D:4      | Reached * piety under Ashenzari
  4226 | D:4      | Found a shattered altar of Ashenzari.
  4233 | D:4      | Found a blossoming altar of Fedhas.
  4517 | D:4      | Reached XP level 6. HP: 34/34 MP: 11/15
  4971 | D:5      | Entered Level 5 of the Dungeon
  5072 | D:5      | Found a staircase to the Ecumenical Temple.
  5125 | D:5      | Reached skill level 2 in Fighting
  5272 | D:5      | Noticed an ice beast
  5283 | D:5      | Killed an ice beast
  5548 | D:5      | Noticed an orc warrior
  5553 | D:5      | Reached XP level 7. HP: 40/40 MP: 9/16
  5575 | D:5      | Reached skill level 3 in Fighting
  5719 | D:5      | Reached skill level 4 in Fighting
  6688 | D:5      | Reached skill level 5 in Fighting
  6934 | D:5      | Reached XP level 8. HP: 50/50 MP: 8/17
  7222 | D:5      | Reached skill level 6 in Fighting
  8153 | D:6      | Found Zuxtisayl's Armour Boutique.
  8157 | D:6      | Bought the +2 leather armour of the Special Queens {Int+5}
                  | for 324 gold pieces
  8449 | D:6      | Found a bloodstained altar of Trog.
  8564 | D:6      | Reached skill level 5 in Stealth
  8807 | D:6      | Found a sparkling altar of Nemelex Xobeh.
  9392 | D:7      | Reached XP level 9. HP: 55/55 MP: 10/20
  9531 | D:7      | Reached skill level 5 in Poison Magic
  9575 | D:7      | Identified the ring "Zobbiecue" {+Blink Str+3 Dex+3 Stlth-}
 10100 | D:7      | Found a glowing golden altar of the Shining One.
 10101 | D:7      | Noticed Duvessa
 10101 | D:7      | Noticed Dowan
 10161 | D:7      | Killed Dowan
 10161 | D:7      | Killed Duvessa
 10161 | D:7      | Reached skill level 5 in Dodging
 10374 | D:8      | Noticed Harold
 10583 | D:8      | Killed Harold
 10628 | D:8      | Noticed Maurice
 10648 | D:8      | Killed Maurice
 10666 | D:8      | Reached XP level 10. HP: 41/60 MP: 2/24
 10889 | D:8      | Got the cursed quarterstaff of Wealth {protect, Int+7 Dex+4
                  | Stlth-}
 10890 | D:8      | Identified the cursed +2 quarterstaff of Wealth {protect,
                  | Int+7 Dex+4 Stlth-} (You found it on level 8 of the
                  | Dungeon)
 11038 | D:8      | Learned a level 1 spell: Apportation
 11280 | D:8      | Reached ** piety under Ashenzari
 11388 | D:8      | Reached skill level 1 in Evocations
 12000 | D:9      | Reached skill level 10 in Spellcasting
 12103 | D:9      | Found a staircase to the Orcish Mines.
 12271 | D:9      | Found a sacrificial altar of Ru.
 12641 | D:9      | Found an opulent altar of Gozag.
 12851 | D:6      | Bought a cursed +0 shield for 16 gold pieces
 12927 | D:10     | Entered Level 10 of the Dungeon
 13019 | D:10     | Found Finiuceg's Jewellery Emporium.
 13060 | D:10     | Noticed Sonja
 13066 | D:10     | Killed Sonja
 13248 | D:10     | Noticed a gargoyle
 13250 | D:10     | Killed a gargoyle
 13381 | D:10     | Noticed a two-headed ogre
 13404 | D:10     | Killed a two-headed ogre
 13654 | D:10     | Found a staircase to the Lair.
 13655 | D:10     | Noticed an oklob plant
 13672 | D:10     | Killed an oklob plant
 13672 | D:10     | Reached XP level 11. HP: 66/66 MP: 21/27
 14016 | D:10     | Reached skill level 7 in Fighting
 14105 | D:10     | Reached skill level 5 in Transmutations
 14357 | D:11     | Noticed a two-headed ogre
 14361 | D:11     | Noticed a two-headed ogre
 14364 | D:11     | Killed a two-headed ogre
 14364 | D:11     | Reached skill level 5 in Air Magic
 14370 | D:11     | Killed a two-headed ogre
 14484 | D:11     | Reached *** piety under Ashenzari
 14749 | D:11     | Found a runed translucent gate.
 14749 | D:11     | Found a runed translucent gate.
 14750 | D:11     | Found a runed translucent gate.
 14873 | D:11     | Noticed Kagalorn's ghost (journeyman MiHu)
 14913 | Lair:1   | Entered Level 1 of the Lair of Beasts
 14928 | Lair:1   | Reached skill level 1 in Shields
 15014 | Lair:1   | Noticed a five-headed hydra
 15046 | Lair:1   | Killed a five-headed hydra
 15217 | Lair:1   | Reached skill level 8 in Fighting
 15257 | Lair:1   | Found a frozen archway.
 15268 | Lair:1   | Noticed a four-headed hydra
 15553 | Lair:1   | Killed a four-headed hydra
 15563 | Lair:1   | Reached XP level 12. HP: 53/75 MP: 5/28
 16158 | Lair:1   | Reached skill level 9 in Fighting
 16415 | Lair:1   | Reached **** piety under Ashenzari
 16842 | Lair:2   | Reached skill level 5 in Shields
 17730 | Lair:2   | Identified the cursed +0 scale mail of Entitlement {*Slow
                  | Slay+5}
 18424 | Lair:3   | Found a gate leading to a gauntlet.
 18434 | Gauntlet | Entered a Gauntlet
 18434 | Gauntlet | Found a transporter.
 18434 | Gauntlet | Found a transporter.
 18435 | Gauntlet | Found a transporter.
 18437 | Gauntlet | Found a transporter.
 18438 | Gauntlet | Found a transporter.
 18448 | Gauntlet | Found a transporter.
 18452 | Gauntlet | Found a transporter.
 18462 | Gauntlet | Found a transporter.
 18463 | Gauntlet | Identified the amulet "Ocvubluv" {Harm *Drain *Slow Str+4
                  | Dex+2 SInv}
 18553 | Gauntlet | Found a transporter.
 18565 | Gauntlet | Found a transporter.
 18565 | Gauntlet | Noticed an entropy weaver
 18567 | Gauntlet | Found a transporter.
 18579 | Gauntlet | Found a transporter.
 18727 | Gauntlet | Got the uncursed hat "Suecza" {rN+}
 18733 | Gauntlet | Identified the +2 hat "Suecza" {rN+} (You found it in a
                  | Gauntlet)
 18747 | Gauntlet | Got the cursed pair of boots of Snakes and Ladders {rF+}
 18894 | Gauntlet | Noticed a minotaur
 18906 | Gauntlet | Killed a minotaur
 18938 | Gauntlet | Reached skill level 10 in Fighting
 19092 | Gauntlet | Identified the cursed +0 pair of boots of Snakes and
                  | Ladders {rF+} (You found it in a Gauntlet)
 19113 | Lair:3   | Noticed a four-headed hydra
 19121 | Lair:3   | Killed a four-headed hydra
 19213 | Lair:3   | Reached ***** piety under Ashenzari
 20331 | Lair:3   | Learned a level 2 spell: Passwall
 20337 | Lair:3   | Learned a level 5 spell: Lee's Rapid Deconstruction
 20592 | Lair:4   | Noticed a five-headed hydra
 20599 | Lair:4   | Killed a five-headed hydra
 20599 | Lair:4   | Reached skill level 1 in Earth Magic
 20825 | Lair:4   | Found a hole to the Spider Nest.
 20830 | Lair:4   | Reached XP level 13. HP: 82/82 MP: 21/29
 21253 | Lair:4   | Found a staircase to the Shoals.
 22330 | Lair:5   | Noticed Docy's ghost (journeyman MiBe)
 22401 | Lair:5   | Found a runed translucent gate.
 22401 | Lair:5   | Found a runed translucent gate.
 22401 | Lair:5   | Found a runed translucent gate.
 22480 | Lair:5   | Noticed a minotaur
 22577 | Lair:5   | Reached skill level 5 in Earth Magic
 23244 | Lair:5   | Found a viscous altar of Jiyva.
 23244 | Lair:5   | Found a staircase to the Slime Pits.
 23435 | Lair:6   | Entered Level 6 of the Lair of Beasts
 23507 | Lair:6   | Reached skill level 10 in Dodging
 24229 | Lair:6   | Reached skill level 10 in Shields
 25012 | Lair:6   | Reached XP level 14. HP: 88/88 MP: 18/30
 25514 | Lair:6   | Noticed Geomchi's ghost (journeyman DEFE)
 25528 | Lair:6   | Identified the +1 ring mail "Real" {Dex+4}
 25555 | Lair:6   | Found a transporter.
 25557 | Lair:6   | Found a transporter.
 26047 | D:11     | Noticed Snorg
 26053 | D:11     | Killed Snorg
 27385 | D:12     | Reached ****** piety under Ashenzari
 27483 | D:12     | Found a large runed translucent door.
 27483 | D:12     | Found a large runed translucent door.
 28122 | D:12     | Noticed ch1llma's ghost (journeyman HuFi)
 28441 | D:13     | Noticed Urug
 28445 | D:13     | Killed Urug
 28740 | D:13     | Found a gate to the Vaults.
 28748 | D:13     | Reached skill level 15 in Dodging
 29217 | D:13     | Noticed Jorgrun
 29227 | D:13     | Killed Jorgrun
 29751 | D:14     | Noticed Frances
 29765 | D:14     | Killed Frances
 29950 | D:14     | Reached XP level 15. HP: 92/92 MP: 24/31
 31603 | D:14     | Noticed a tengu reaver
 31623 | D:14     | Killed a tengu reaver
 31840 | D:15     | Entered Level 15 of the Dungeon
 32083 | D:15     | Found a staircase to the Depths.
 32097 | D:15     | Reached skill level 5 in Fire Magic
 32117 | D:15     | Reached skill level 5 in Evocations
 32393 | Orc:1    | Entered Level 1 of the Orcish Mines
 32393 | Orc:1    | Found Odaagof's Armour Emporium.
 32524 | Orc:1    | Found Emuuh's Distillery.
 32540 | Orc:1    | Bought a potion of heal wounds for 70 gold pieces
 32560 | Orc:1    | Found Wuahuc's Antique Armour Shoppe.
 32733 | Orc:1    | Found a bloodstained altar of Trog.
 32904 | Orc:1    | Found Long's Distillery.
 32907 | Orc:1    | Bought a potion of heal wounds for 70 gold pieces
 32936 | Orc:2    | Entered Level 2 of the Orcish Mines
 32937 | Orc:2    | Found a runed translucent gate.
 32937 | Orc:2    | Found a runed translucent gate.
 32937 | Orc:2    | Found a runed translucent gate.
 32937 | Orc:2    | Noticed MirrMurr's ghost (journeyman DsBe)
 33137 | Orc:2    | Reached skill level 11 in Fighting
 33377 | Orc:2    | Found Zoax's Gadget Boutique.
 33377 | Orc:2    | Found Petiuq Tyda's Magic Scroll Shoppe.
 33378 | Orc:2    | Found Jissyxau's Antique Weapon Shoppe.
 33378 | Orc:2    | Found Ulurch Xuomo's Distillery.
 33388 | Orc:2    | Bought a scroll of teleportation for 45 gold pieces
 33389 | Orc:2    | Bought a potion of heal wounds for 65 gold pieces
 33389 | Orc:2    | Bought a potion of heal wounds for 65 gold pieces
 33389 | Orc:2    | Bought a potion of heal wounds for 65 gold pieces
 33389 | Orc:2    | Bought a potion of ambrosia for 104 gold pieces
 33389 | Orc:2    | Bought a potion of haste for 130 gold pieces
 33768 | Orc:2    | Found a staircase to the Elven Halls.
 33996 | Orc:1    | Reached skill level 1 in Long Blades
 34217 | Orc:1    | Bought a potion of ambrosia for 112 gold pieces
 34333 | D:4      | Bought a book of the Tempests for 770 gold pieces
 34342 | D:4      | Learned a level 8 spell: Ignition
 34547 | Spider:1 | Entered Level 1 of the Spider Nest
 34610 | Lair:4   | Identified the cursed +0 shortbow "Killer Bee's Doom"
                  | {freeze, rElec rPois Str-5 Int+2}
 34851 | D:15     | Reached XP level 16. HP: 100/100 MP: 20/34
 37408 | Spider:1 | Reached skill level 5 in Long Blades
 38584 | Spider:2 | Identified the cursed +1 ring mail "Daism" {*Corrode +Inv
                  | rC+++ MR-}
 39905 | Spider:3 | Noticed Bai Suzhen
 39914 | Spider:3 | Killed Bai Suzhen
 40419 | Spider:3 | Reached XP level 17. HP: 79/106 MP: 0/36
 40738 | Spider:3 | Found a runed translucent door.
 40739 | Spider:3 | Found a shimmering altar of Xom.
 40739 | Spider:3 | Noticed astraldaughter's ghost (adept DsWn)
 40884 | Spider:4 | Entered Level 4 of the Spider Nest
 41065 | Spider:4 | Noticed Arachne
 41077 | Spider:4 | Killed Arachne
 41084 | Spider:4 | Reached skill level 12 in Fighting
 41635 | Spider:3 | Reached skill level 10 in Fire Magic
 42192 | Spider:4 | Learned a level 2 spell: Blink
 43844 | Shoals:1 | Entered Level 1 of the Shoals
 45668 | Shoals:2 | Reached skill level 15 in Spellcasting
 46045 | Shoals:2 | Found a transporter.
 46233 | Shoals:2 | Found Anikheg's Jewellery Emporium.
 46488 | Shoals:2 | Noticed Ilsuiw
 46500 | Shoals:2 | Killed Ilsuiw
 46803 | Shoals:2 | Reached XP level 18. HP: 113/113 MP: 31/39
 46837 | Shoals:2 | Found a transporter.
 46838 | Shoals:2 | Identified the amulet "Curireos" {Acrobat +Fly Stlth+}
 46840 | Shoals:2 | Identified the ring "Hyivido" {+Inv MP+9 Str+3 Int+4}
 47282 | Shoals:2 | Learned a level 3 spell: Regeneration
 47379 | Shoals:3 | Reached skill level 1 in Charms
 47383 | Shoals:3 | Noticed Polyphemus
 47682 | Shoals:3 | Killed Polyphemus
 47682 | Shoals:3 | Reached skill level 13 in Fighting
 47985 | Shoals:3 | Noticed Kirke
 47992 | Shoals:3 | Killed Kirke
 48633 | Shoals:4 | Entered Level 4 of the Shoals
 48642 | Shoals:4 | Reached skill level 5 in Charms
 48643 | Shoals:4 | Identified the +0 large shield of a wizard's laboratory
                  | {rN++}
 48643 | Shoals:4 | Noticed Louise
 48653 | Shoals:4 | Killed Louise
 48866 | Shoals:4 | Identified the +9 battleaxe of Ritiep {flame, *Corrode
                  | rElec Str+2 Dex+4}
 49142 | Shoals:4 | Learned a level 4 spell: Summon Lightning Spire
 49342 | Shoals:4 | Reached skill level 1 in Summonings
 50050 | Shoals:4 | Got a barnacled rune of Zot
 51155 | D:14     | Identified the cursed +0 shortbow "Killer Bee's Doom"
                  | {freeze, rElec rPois Str-5 Int+2}
 51499 | Elf:1    | Entered Level 1 of the Elven Halls
 51612 | Elf:1    | Identified the Handbook of the Secret Realms
 51624 | Elf:1    | Learned a level 5 spell: Irradiate
 51699 | Elf:1    | Found a ruined gateway.
 51704 | Desolati | Entered the Desolation of Salt
 51968 | Desolati | Reached skill level 5 in Summonings
 52306 | Desolati | Identified the ring of Rogeim {rPois AC+2 Str+7}
 52341 | Desolati | Identified the ring "Baorall" {+Fly rF- rN++}
 52423 | Desolati | Identified the Guide on Hurtful Contamination
 52476 | Desolati | Reached XP level 19. HP: 61/120 MP: 25/40
 52476 | Desolati | Reached skill level 14 in Fighting
 52718 | Desolati | Identified the cursed +2 hand crossbow "Earthworm" {freeze,
                  | rF+}
 53264 | Desolati | Identified the +2 plate armour of the Bagpipe {rC+ Stlth+}
 53287 | Desolati | Identified the Tome of the Cicada
 55053 | Elf:2    | Found a runed translucent gate.
 55053 | Elf:2    | Found a runed translucent gate.
 55056 | Elf:2    | Found a runed translucent gate.
 55444 | Elf:2    | Found Zuhinal's Distillery.
 55452 | Elf:2    | Bought a potion of heal wounds for 75 gold pieces
 55452 | Elf:2    | Bought a potion of heal wounds for 75 gold pieces
 55842 | Elf:3    | Entered Level 3 of the Elven Halls
 56224 | Elf:3    | Found Hewaf's Distillery.
 56231 | Elf:3    | Found Gezet's General Store.
 56242 | Elf:3    | Bought a scroll of magic mapping for 63 gold pieces
 56259 | Elf:3    | Reached skill level 15 in Fire Magic
 56287 | Elf:3    | Found Zafiot's Jewellery Boutique.
 58019 | Elf:3    | Reached XP level 20. HP: 128/128 MP: 34/43
 58023 | Elf:3    | Reached skill level 15 in Fighting
 58035 | Elf:3    | Identified the cursed +1 broad axe "Hofem" {venom, *Contam
                  | rPois Dex+4}
 58035 | Elf:3    | Identified the ring "Maujobby" {rF- rN+ Dex+4}
 58422 | Elf:3    | Identified the +11 hand crossbow of Cijidock {penet,
                  | Fragile rElec Str+2 Int+3 Dex+4}
 58422 | Elf:3    | Identified the +0 dire flail "Xokh" {crush, -Tele rC+
                  | Int+5}
 58422 | Elf:3    | Identified the cursed +0 shortbow of Corporal Punishment
                  | {freeze, Stlth+}
 58461 | Elf:3    | Identified the +6 hand axe of Riplets {vamp, +Blink rPois
                  | rF+ rC-}
 58468 | Elf:3    | Identified the Compendium of Spatial Changing
 58470 | Elf:3    | Identified Qerigoga's Further Progress in Spellweaving
 58495 | Elf:3    | Learned a level 6 spell: Statue Form
 58505 | Elf:3    | Learned a level 6 spell: Deflect Missiles
 59260 | Spider:4 | Got a gossamer rune of Zot
 60260 | Vaults:1 | Entered Level 1 of the Vaults
 60281 | Vaults:1 | Found a glowing golden altar of the Shining One.
 61074 | Vaults:1 | Reached skill level 1 in Translocations
 61421 | Vaults:1 | Found Cuol's Weapon Shoppe.
 62103 | Vaults:2 | Found a staircase to the Crypt.
 62103 | Vaults:2 | Found a basalt altar of Yredelemnul.
 62104 | Vaults:2 | Found an ancient bone altar of Kikubaaqudgha.
 62279 | Vaults:2 | Noticed Frederick
 62295 | Vaults:2 | Killed Frederick
 62555 | Vaults:2 | Reached skill level 5 in Translocations
 62677 | Vaults:2 | Reached XP level 21. HP: 135/135 MP: 26/46
 63322 | Vaults:3 | Found a flickering gateway to a bazaar.
 63332 | Bazaar   | Entered a bazaar
 63389 | Bazaar   | Found Polokipn's Weapon Shoppe.
 63389 | Bazaar   | Found Jabycw's Weapon Shoppe.
 63425 | Bazaar   | Found Situ's Armour Emporium.
 63425 | Bazaar   | Found Onaetwo's Antique Armour Emporium.
 63443 | Bazaar   | Bought a shimmering cloak for 133 gold pieces
 63450 | Bazaar   | Identified the cursed +0 cloak "Cosukat" {*Drain rC+++ MR+
                  | Int+2 Stlth+} (You bought it in a shop in a bazaar)
 63783 | Vaults:3 | Reached skill level 16 in Fighting
 65565 | Vaults:4 | Reached skill level 17 in Fighting
 66613 | Vaults:5 | Entered Level 5 of the Vaults
 66614 | Vaults:5 | Reached XP level 22. HP: 146/146 MP: 48/48
 66849 | Depths:1 | Entered Level 1 of the Depths
 66867 | Depths:1 | Reached skill level 18 in Fighting
 67353 | Depths:1 | Found a transporter.
 67353 | Depths:1 | Found a transporter.
 67353 | Depths:1 | Noticed D1HalberdGnoll's ghost (adept DrEE)
 67353 | Depths:1 | Noticed a juggernaut
 67387 | Depths:1 | Identified the cursed ring of the Present {+Fly rElec rF+
                  | Str-3 Dex-5}
 67427 | Depths:1 | Found a gateway to Hell.
 67557 | Depths:1 | Learned a level 7 spell: Malign Gateway
 67644 | Depths:1 | Identified the ring of Equivalence {Ice Dex+2}
 69450 | Depths:3 | Reached XP level 23. HP: 153/153 MP: 49/49
 69612 | Depths:3 | Reached skill level 10 in Air Magic
 69767 | Depths:3 | Found a one-way gate leading to the halls of Pandemonium.
 70245 | Depths:3 | Reached skill level 19 in Fighting
 70967 | Depths:4 | Noticed a juggernaut
 70980 | Depths:4 | Killed a juggernaut
 71062 | Depths:4 | Identified the ring "Opall" {rF+ rC+ AC+4 Dex+4 Stlth+}
 71480 | Depths:4 | Found Quraxyah's Book Shoppe.
 71735 | Depths:4 | Found a one-way gate to the infinite horrors of the Abyss.
 72310 | Depths:4 | Paralysed by a floating eye for 3 turns
 72422 | Depths:5 | Entered Level 5 of the Depths
 72422 | Depths:5 | Noticed a caustic shrike
 72424 | Depths:5 | Noticed a caustic shrike
 72424 | Depths:5 | Noticed a caustic shrike
 72424 | Depths:5 | Noticed a caustic shrike
 72428 | Depths:5 | Killed a caustic shrike
 72428 | Depths:5 | Killed a caustic shrike
 72429 | Depths:5 | Killed a caustic shrike
 72430 | Depths:5 | Killed a caustic shrike
 72640 | Depths:5 | Reached XP level 24. HP: 160/162 MP: 2/49
 72790 | Depths:5 | Reached skill level 20 in Fighting
 72922 | Depths:5 | Found Ashoaray's Antique Weapon Boutique.
 72930 | Depths:5 | Found Unoorr's Weapon Boutique.
 73428 | Depths:5 | Found a gateway to a ziggurat.
 73607 | Depths:5 | Identified the +3 mace of Bizaomi {elec, rF+ MR+ Dex+2}
 73607 | Depths:5 | Found the +5 scythe "Finisher" {speed, eviscerate}
 73618 | Depths:5 | Found a gate to the Realm of Zot.
 74054 | Zig:1    | Entered Level 1 of a ziggurat
 74088 | Zig:2    | Entered Level 2 of a ziggurat
 74107 | Zig:3    | Entered Level 3 of a ziggurat
 74147 | Zig:4    | Entered Level 4 of a ziggurat
 74150 | Zig:4    | Identified the +1 scale mail of Gallantry {rElec rC-
                  | Regen+}
 74150 | Zig:4    | Noticed Kizxain the pandemonium lord
 74168 | Zig:4    | Killed Kizxain the pandemonium lord
 74174 | Zig:4    | Identified Urrepej's Almanac of Malediction
 74261 | Zig:5    | Entered Level 5 of a ziggurat
 74325 | Zig:6    | Entered Level 6 of a ziggurat
 74330 | Zig:6    | Reached skill level 15 in Air Magic
 74337 | Zig:6    | Identified the ring of Xoabami {rN+ MP+9 Str-5 Int+3}
 74426 | Zig:7    | Entered Level 7 of a ziggurat
 74544 | Zig:8    | Entered Level 8 of a ziggurat
 74552 | Zig:8    | Identified the cursed +0 robe of Rimnusi {Str+6 Slay-6}
 74552 | Zig:8    | Noticed a Killer Klown
 74552 | Zig:8    | Noticed a Killer Klown
 74553 | Zig:8    | Identified the ring of the Neverending Gods {+Fly rN+
                  | Int+7}
 74553 | Zig:8    | Noticed a Killer Klown
 74556 | Zig:8    | Killed a Killer Klown
 74556 | Zig:8    | Killed a Killer Klown
 74560 | Zig:8    | Killed a Killer Klown
 74707 | Zig:9    | Entered Level 9 of a ziggurat
 74717 | Zig:9    | Identified the amulet "Seroufao" {Harm *Drain rElec rPois
                  | Slay+5}
 74721 | Zig:9    | Reached skill level 21 in Fighting
 74806 | Zig:10   | Entered Level 10 of a ziggurat
 74817 | Zig:10   | Identified the ring "Zarghe Cug" {+Fly rF- Str+4 Dex+6}
 74818 | Zig:10   | Noticed Ythriang the pandemonium lord
 74822 | Zig:10   | HP: 10/215 [balrug/divine providence (12)]
 74824 | Zig:10   | HP: 2/215 [balrug/divine providence (9)]
 74824 | Zig:10   | Killed from afar by an ice dragon

Levels and vault maps discovered:
D:1:      lemuel_arrival_lava_pool, layout_basic, grunt_decor_one_mirror,
          serial_bayou_pond_b
D:2:      layout_basic, okawaru_ov_weapons_minmay, lemuel_crystal_altar,
          chequers_temple_overflow_minitemple, wad_floor_pattern_1
D:3:      layout_loops_corners
D:4:      minmay_chambers_of_threes, layout_cave_pools, fedhas_altar_2,
          zin_purify, serial_column_ruins, column_ruins_corridor_plus,
          column_ruins_grid_1, column_ruins_corridor_straight,
          column_ruins_open_tiny, minmay_shop_mayhem, evilmike_ruin_ashenzari
D:5:      lemuel_castle_with_subvaults [lemuel_castle_interior_original],
          layout_basic, minmay_temple_entry_wispy, first_ration,
          minmay_misc_feat_chi
D:6:      layout_basic, nemelex_altar_shiori, nicolae_overflow_crystal_walls,
          serial_shops, nicolae_shop_stone
D:7:      layout_layer_cave, tso_metal_star, uniq_duvessa
D:8:      layout_basic, uniq_maurice, uniq_harold
D:9:      layout_small_grid, grunt_gozag_statues,
          nicolae_ru_great_annihilating_truth, hiddenorc2_lemuel
D:10:     layout_roguey, dpeg_oklobed_lair, serial_shops, shop_fountains,
          uniq_sonja
D:11:     layout_gridville, ebering_ghost_rock_garden, uniq_snorg
D:12:     layout_loops_ring, serial_rivers, chequers_serial_rivers_small_3,
          chequers_serial_rivers_large_a, chequers_serial_rivers_marsh,
          chequers_serial_rivers_micro_b, chequers_serial_rivers_small_a,
          chequers_serial_rivers_micro_b, ebering_ghost_disaster_area
D:13:     layout_basic, erik_vaults_2, serial_corexii_hall,
          chequers_hall_statues_wall_a, corexii_hall_statues_l,
          corexii_hall_statues_l, corexii_hall_statues_u, uniq_jorgrun,
          uniq_urug
D:14:     kennysheep_water_balloons, layout_stronghold, chequers_garden,
          uniq_frances
D:15:     hangedman_depths_entry_civil_slaughter, layout_basic, minivault_24
Lair:1:   layout_layer_cave, portal_ice_cave_entry_ice_beasts,
          grunt_megastairs_1, serial_bayou_shore_b, minmay_lair_oklob_chamber,
          serial_bayou_shore_b, lemuel_fruit_tree
Lair:2:   layout_cave_pods
Lair:3:   layout_layer_cave, gauntlet_entry_generic, st_stairs_5,
          gammafunk_lair_bear_cave, lemuel_fruit_fields
Lair:4:   layout_hall_layers, elwin_shoals_entry_rooms,
          nicolae_spider_entry_orb_guardian
Lair:5:   layout_regular_city, dpeg_slime_entry_enclosed_altar,
          maelrawn_ghost_gauntlet_escape, chequers_serial_rivers_room_a
Lair:6:   grunt_lair_end_beastmaster, layout_loops_ring, serial_forest,
          infiniplex_forest_join, infiniplex_forest_clump_small,
          infiniplex_forest_clump_medium, infiniplex_forest_straight_4,
          infiniplex_forest_end_2, infiniplex_forest_clump_tiny,
          infiniplex_forest_clump_tiny, infiniplex_forest_straight_3,
          gammafunk_ghost_hive, st_stairs_13, serial_bayou_pond_e
Shoals:1: argonaut_golden_fleece, layout_shoals, nicolae_shoals_seven_spires,
          yaktaur_hedge
Shoals:2: gammafunk_its_a_trap, layout_shoals, serial_shops,
          nicolae_shop_competitors_out_of_business, uniq_ilsuiw
Shoals:3: layout_shoals, uniq_polyphemus, uniq_kirke
Shoals:4: shoals_end_grunt_ice, layout_shoals, uniq_louise
Spider:1: layout_spider_delve
Spider:2: layout_chambers, nicolae_spider_stair_cavern
Spider:3: layout_spider_delve, ebering_ghost_xom, uniq_bai_suzhen
Spider:4: grunt_spider_rune_circles, nicolae_arachne_temple
Orc:1:    layout_caves, serial_shops, shop_fountains, nicolae_shop_behind_doors,
          nicolae_shop_waterfront, shop, bloody_trog
Orc:2:    st_orc_ogre_mass, layout_caves, gammafunk_ghost_necromancy
Elf:1:    layout_onion_city, portal_desolation_entry_nicolae_nacl,
          minmay_elf_sorcery, statue_in_the_mist_lemuel, minivault_4
Elf:2:    layout_onion_city, serial_shops, shop, minivault_14, uniq_agnes,
          uniq_aizul
Elf:3:    elf_hall, layout_gridlike, serial_shops, shop, minmay_shoptagon
Vaults:1: v_rooms_3, grunt_vaults_diagonal, vaults_mumra_chevron,
          nicolae_vaults_network_square, nicolae_vaults_little_squares_3,
          vaults_mumra_minichess, layout_vaults_omnigrid, basic_altar,
          serial_shops, shop
Vaults:2: vaults_room_stairs_pillars, minmay_crypt_entry_necro_gods,
          nicolae_vaults_little_squares_1, ontoclasm_vaults_tryst,
          hangedman_vaults_slither, vaults_room_hangedman_quadrants,
          vaults_dpeg_hooks, hangedman_vaults_corner_blocks,
          nicolae_vaults_puzzle_piece, vaults_room_fours, v_misc_2, v_misc_28,
          v_misc_11, vaults_room_pool, layout_vaults_omnibox, uniq_frederick
Vaults:3: hangedman_vaults_corner, hangedman_vaults_stagger,
          hangedman_vaults_nodes, hangedman_vaults_cutoff, v_alt_pattern_2,
          nicolae_vaults_big_ls, nicolae_vaults_shelves_hall,
          grunt_vaults_focal, ontoclasm_vaults_decontamination,
          ontoclasm_vaults_shuriken, v_misc_8, layout_vaults_maze_bifur,
          serial_shops, freezing_bzr
Vaults:4: v_misc_10, hangedman_vaults_capsules, nicolae_vaults_puzzle_piece,
          ontoclasm_vaults_spin, hangedman_vaults_river_flow, v_misc_19,
          v_misc_15, v_misc_28, hangedman_vaults_impose,
          ontoclasm_vaults_ligature, ontoclasm_vaults_fault, layout_vaults_ring
Vaults:5: serial_shops
Depths:1: layout_forbidden_donut, gammafunk_ghost_arena, hell_entry,
          serial_sigils_hangedman_quiver, chequers_serial_rivers_micro_c,
          minmay_starry_boxes, serial_bayou_shore_a
Depths:2: nooodl_heptagram, layout_small_grid, serial_sigils_hangedman_confine,
          hangedman_coc_ice_floe, minmay_staircase_statues
Depths:3: minmay_two_paths, layout_cave_pools, hell_entry, pan_entry,
          roderic_lattice_a, minmay_staircase_windowed_large,
          serial_bayou_shore_b
Depths:4: minmay_the_grid_3x3 [minmay_the_grid_dragon_a, minmay_the_grid_airy,
          minmay_the_grid_aliased_spiral, minmay_the_grid_mess,
          minmay_the_grid_minigrid_medium, minmay_the_grid_artifice,
          minmay_the_grid_medium_cups, minmay_the_grid_outer_circle,
          minmay_the_grid_prize_shrinking_boxes], layout_cave_shapes,
          minmay_room_of_horrors, serial_shops, kennysheep_little_box,
          serial_sigils, serial_sigils_hangedman_carve,
          serial_sigils_hangedman_quiver, serial_sigils_hangedman_scratch,
          serial_sigils_hangedman_scar, pf_vacation_house_of_asmodeus,
          chequers_serial_rivers_micro_b
Depths:5: evilmike_zot_entry_round, layout_cave_pools, enter_ziggurat_b,
          serial_bayou_pond_c, hell_entry, hangedman_abyss_or_decor_passed,
          kilobyte_mutagenic_chamber, minmay_shop_star, serial_bayou_shore_b,
          serial_bayou_shore_b, serial_bayou_shore_b
Zig:10

Skill      XL: |  1  2  3  4  5  6  7  8  9 10 11 12 13 14 15 16 17 18 19 20 21 22 23 24 |
---------------+-------------------------------------------------------------------------+-----
Stealth        | 3 5 7 8 |  8.0
Transmutations | 2 4 6 7 |  7.6
Air Magic      | 1 2 4 6 9 13 15 | 15.9
Spellcasting   | 4 5 6 8 10 12 13 15 17 19 20 | 20.1
Fire Magic     | 1 2 3 7 9 11 13 15 16 | 16.1
Conjurations   | 2 3 4 |  4.9
Fighting       | 1 2 5 6 8 10 11 12 13 14 15 17 18 19 21 | 21.0
Dodging        | 4 6 12 16 17 | 17.6
Poison Magic   | 4 6 |  6.9
Evocations     | 2 5 |  5.5
Shields        | 4 8 10 12 | 12.3
Earth Magic    | 2 5 7 |  7.5
Long Blades    | 1 7 9 |  9.7
Charms         | 5 |  5.5
Summonings     | 5 8 |  8.6
Translocations | 5 |  5.5

Action                   |  1- 3 |  4- 6 |  7- 9 | 10-12 | 13-15 | 16-18 | 19-21 | 22-24 || total
-------------------------+-------+-------+-------+-------+-------+-------+-------+-------++-------
Melee: Unarmed           |     2 |       |       |       |       |       |       |       ||     2
       Dagger            |     1 |     7 |     5 |       |       |       |       |       ||    13
       Whip              |       |       |    44 |       |       |       |       |       ||    44
       Short sword       |       |       |    11 |       |       |       |       |       ||    11
       Quarterstaff      |       |       |       |   127 |       |       |       |       ||   127
       Staff             |       |       |       |    19 |   137 |       |       |       ||   156
       Trident           |       |       |       |     2 |       |       |       |       ||     2
       Scimitar          |       |       |       |       |    17 |   748 |  1083 |   883 ||  2731
Throw: Stone             |    10 |       |    12 |     3 |     1 |       |       |       ||    26
 Cast: Sting             |    57 |    64 |   100 |    86 |   141 |     3 |       |       ||   451
       Poisonous Vapours |     3 |    50 |    89 |   168 |   119 |   223 |    26 |       ||   678
       Mephitic Cloud    |     1 |     4 |    14 |    28 |    71 |    22 |     5 |       ||   145
       Ignite Poison     |     1 |     4 |     9 |    62 |   153 |   151 |    56 |       ||   436
       Olgreb's Toxic Ra |       |     1 |    14 |    41 |   107 |   157 |    73 |    24 ||   417
       Lee's Rapid Decon |       |       |       |       |       |    18 |    27 |     5 ||    50
       Apportation       |       |       |       |       |       |    25 |       |       ||    25
       Ignition          |       |       |       |       |       |     1 |    23 |    98 ||   122
       Summon Lightning  |       |       |       |       |       |    11 |    25 |    11 ||    47
       Regeneration      |       |       |       |       |       |     8 |    21 |    20 ||    49
       Blink             |       |       |       |       |       |     1 |     4 |       ||     5
       Irradiate         |       |       |       |       |       |       |     1 |       ||     1
       Statue Form       |       |       |       |       |       |       |    54 |    66 ||   120
       Deflect Missiles  |       |       |       |       |       |       |     2 |     4 ||     6
Invok: Curse Item        |       |     2 |     2 |     3 |       |     2 |     3 |       ||    12
       Scrying           |       |       |       |       |       |     4 |     2 |       ||     6
 Abil: Evoke Blink       |       |       |       |     7 |     2 |       |       |       ||     9
       End Transformatio |       |       |       |       |       |       |     1 |       ||     1
Evoke: Wand              |       |       |    10 |    10 |     4 |    24 |       |     2 ||    50
       Phial of floods   |       |       |       |       |     1 |     1 |       |     1 ||     3
       Lamp of fire      |       |       |       |       |       |     1 |     1 |       ||     2
  Use: Scroll            |     1 |     6 |     7 |    14 |     1 |    10 |    13 |     4 ||    56
       Potion            |       |       |     3 |     4 |     2 |     2 |     5 |     3 ||    19
 Stab: Sleeping          |       |       |     1 |     1 |     1 |     3 |    21 |     7 ||    34
       Confused          |       |       |     1 |       |     4 |     4 |       |       ||     9
       Distracted        |       |       |       |       |     1 |     3 |     9 |     3 ||    16
       Paralysed         |       |       |       |       |       |    10 |       |       ||    10
  Eat: Chunk             |     3 |    12 |    17 |    24 |    38 |    34 |    35 |    20 ||   183
       Ration            |       |       |       |     2 |     2 |     7 |     7 |     7 ||    25
Armor: Robe              |     2 |     1 |     4 |       |       |       |       |       ||     7
       Leather armour    |       |       |    24 |    51 |    47 |   139 |    43 |       ||   304
       Skin              |       |       |     4 |       |       |       |   207 |   285 ||   496
Dodge: Dodged            |    11 |    29 |    55 |   183 |   390 |   792 |   899 |  1102 ||  3461
       Deflected         |       |       |       |       |       |       |    24 |    94 ||   118
Block: Shield            |       |       |       |    42 |   321 |   627 |   698 |   694 ||  2382
       Rpst.: Scimitar   |       |       |       |       |    29 |   148 |   211 |   154 ||   542

Table legend:
 A = Non-vault XP
 B = Vault XP
 C = Vault XP percentage of total XP
 D = Non-vault monster count
 E = Vault monster count
 F = Vault count percentage of total count
                 A         B        C        D         E       F
            +---------+---------+-------+---------+---------+-------
      Total |  669363 |  466651 |  41.1 |    1450 |     715 |  33.0
            +---------+---------+-------+---------+---------+-------
        D:1 |      59 |       2 |   3.3 |      29 |       2 |   6.5
        D:2 |      99 |       0 |   0.0 |      21 |       0 |   0.0
        D:3 |      80 |       0 |   0.0 |      18 |       0 |   0.0
        D:4 |     124 |     139 |  52.9 |       6 |       8 |  57.1
        D:5 |     528 |     945 |  64.2 |      10 |      60 |  85.7
        D:6 |     715 |       0 |   0.0 |      22 |       0 |   0.0
        D:7 |     589 |     202 |  25.5 |      12 |       2 |  14.3
        D:8 |    1396 |    1403 |  50.1 |      26 |       2 |   7.1
        D:9 |     882 |     424 |  32.5 |      12 |      36 |  75.0
       D:10 |    3453 |    1386 |  28.6 |      33 |       2 |   5.7
       D:11 |    7709 |    1202 |  13.5 |      45 |       1 |   2.2
       D:12 |    3261 |       0 |   0.0 |      26 |       0 |   0.0
       D:13 |    5998 |   11677 |  66.1 |      22 |      10 |  31.2
       D:14 |   12962 |    7241 |  35.8 |      52 |       8 |  13.3
       D:15 |    9034 |    4350 |  32.5 |      22 |       6 |  21.4
     Lair:1 |    7369 |    2116 |  22.3 |      30 |      11 |  26.8
     Lair:2 |    3201 |       0 |   0.0 |      15 |       0 |   0.0
     Lair:3 |    4380 |     931 |  17.5 |      18 |       5 |  21.7
     Lair:4 |    4784 |     535 |  10.1 |      17 |       1 |   5.6
     Lair:5 |   10439 |       0 |   0.0 |      45 |       0 |   0.0
     Lair:6 |   10444 |   10892 |  51.0 |      37 |      21 |  36.2
   Shoals:1 |   16602 |     382 |   2.2 |      36 |       1 |   2.7
   Shoals:2 |   14934 |    8922 |  37.4 |      32 |      13 |  28.9
   Shoals:3 |    8752 |    8895 |  50.4 |      22 |      11 |  33.3
   Shoals:4 |    9817 |   21230 |  68.4 |      20 |      31 |  60.8
   Spider:1 |   22696 |       0 |   0.0 |      65 |       0 |   0.0
   Spider:2 |   10200 |       0 |   0.0 |      33 |       0 |   0.0
   Spider:3 |   20887 |   10249 |  32.9 |      51 |       9 |  15.0
   Spider:4 |    9042 |   31776 |  77.8 |      29 |      63 |  68.5
      Orc:1 |    3708 |       0 |   0.0 |      30 |       0 |   0.0
      Orc:2 |    3411 |   19359 |  85.0 |      36 |      44 |  55.0
      Elf:1 |   20270 |    9596 |  32.1 |      29 |      16 |  35.6
      Elf:2 |   21152 |    1799 |   7.8 |      33 |       2 |   5.7
      Elf:3 |   18143 |   35099 |  65.9 |      37 |      27 |  42.2
   Vaults:1 |   29770 |    6890 |  18.8 |      52 |      11 |  17.5
   Vaults:2 |   35908 |   33389 |  48.2 |      49 |      37 |  43.0
   Vaults:3 |   37058 |   16314 |  30.6 |      59 |      26 |  30.6
   Vaults:4 |   20243 |   15117 |  42.8 |      39 |      23 |  37.1
   Vaults:5 |    1657 |   23859 |  93.5 |       2 |      24 |  92.3
   Depths:1 |   32285 |    3767 |  10.4 |      45 |       4 |   8.2
   Depths:2 |   35402 |   40609 |  53.4 |      43 |      43 |  50.0
   Depths:3 |   29535 |   26663 |  47.4 |      35 |      14 |  28.6
   Depths:4 |   10054 |   49544 |  83.1 |      10 |      47 |  82.5
   Depths:5 |   82590 |   18779 |  18.5 |      75 |      12 |  13.8
      Zig:1 |    1103 |       0 |   0.0 |       2 |       0 |   0.0
      Zig:2 |    1834 |       0 |   0.0 |       3 |       0 |   0.0
      Zig:3 |    2843 |       0 |   0.0 |       5 |       0 |   0.0
      Zig:4 |   12910 |       0 |   0.0 |       3 |       0 |   0.0
      Zig:5 |    5263 |       0 |   0.0 |       9 |       0 |   0.0
      Zig:6 |   10008 |       0 |   0.0 |       6 |       0 |   0.0
      Zig:7 |   10522 |       0 |   0.0 |       7 |       0 |   0.0
      Zig:8 |   20365 |       0 |   0.0 |      10 |       0 |   0.0
      Zig:9 |   15464 |       0 |   0.0 |      15 |       0 |   0.0
     Zig:10 |    7429 |       0 |   0.0 |      10 |       0 |   0.0
 Desolation |       0 |   38071 | 100.0 |       0 |      75 | 100.0
   Gauntlet |       0 |    2897 | 100.0 |       0 |       7 | 100.0
            +---------+---------+-------+---------+---------+-------
